 Dungeon Crawl Stone Soup version 0.27-a0-1296-g8ece459b43 (console) character file.

Game seed: 3697317614455138062

245 Hector the Chopper (level 6, -8/47 HPs)
             Began as a Formicid Abyssal Knight on June 16, 2021.
             Was a Priest of Lugonu.
             Mangled by an orc warrior (14 damage)
             ... on level 5 of the Dungeon.
             The game lasted 00:10:53 (4089 turns).

Hector the Chopper (Formicid Abyssal Knight)        Turns: 4089, Time: 00:10:54

Health: -8/47      AC:  5    Str: 18    XL:     6   Next: 32%
Magic:  8/8        EV: 10    Int: 12    God:    Lugonu [***...]
Gold:   230        SH:  0    Dex: 10    Spells: 5/5 levels left

rFire    . . .     SeeInvis +   a - +0 war axe
rCold    . . .     Faith    .   (no shield)
rNeg     . . .     Spirit   .   f - +0 ring mail
rPois    .         Reflect  .   (helmet unavailable)
rElec    .         Harm     .   (no cloak)
rCorr    .         Rampage  .   (no gloves)
Will     .....                  (no boots)
Stlth    ..........             (no amulet)
HPRegen  0.15/turn              (no ring)
MPRegen  0.11/turn              (no ring)

@: studying Staves
A: permanent stasis, dig shafts and tunnels, antennae 3, four strong arms
a: Dig, Shaft Self, Renounce Religion, Depart the Abyss, Bend Space, Banish


You were on level 5 of the Dungeon.
You worshipped Lugonu.
Lugonu was most pleased with you.
You visited 1 branch of the dungeon, and saw 5 of its levels.
You visited the Abyss 1 time.

You collected 230 gold pieces.

Inventory:

Hand Weapons
 a - a +0 war axe (weapon)
 d - a +1 hand axe
 j - a +0 spear
 p - a +0 great mace
Missiles
 e - 106 stones
 i - 15 poisoned darts (quivered)
 n - 4 boomerangs
Armour
 b - a +0 leather armour
 f - a +0 ring mail (worn)
Wands
 h - a wand of iceblast (9)
Scrolls
 g - a scroll of vulnerability {unknown}
 k - a scroll of amnesia {unknown}
 l - 2 scrolls of identify
Potions
 c - a potion of curing


   Skills:
 + Level 3.5 Fighting
 * Level 5.4 Axes
 + Level 3.0 Armour
 - Level 0.8 Dodging
 * Level 3.0 Invocations


You had 5 spell levels left.
You didn't know any spells.
Your spell library was empty.

Dungeon Overview and Level Annotations

Branches:
Dungeon (5/15)             Temple (0/1) D:5

Altars:


Innate Abilities, Weirdness & Mutations

You cannot be hasted, slowed, berserked, paralysed or teleported.
You can dig through walls and to a lower floor.
You have a pair of large antennae on your head. (SInv)
Your four strong arms can wield two-handed weapons with a shield.


Message History

You slash the orc wizard!
You kill the orc wizard!
Lugonu accepts your kill.
Your Armour skill increases to level 3!
Things that are here:
a +0 dagger; a +0 robe
Things that are here:
a +0 whip; an orc corpse Search for what [Enter for "."]? arm Unknown command.
k - a scroll labelled RUAKIO LUNI An orc warrior comes into view.
It is wielding a +0 trident.
The orc warrior shouts!
You hear a shout! x2
A water moccasin skeleton comes into view.
An orc priest comes into view. It is wielding a +0 mace.
Unknown command.
The orc priest invokes the aid of Beogh against you.
Beogh smites you!
You extend your mandibles.
You dig through the rock wall.
You dig through the rock wall.
You dig through the rock wall.
You retract your mandibles.
You barely miss the orc warrior.
The orc warrior hits you with a +0 trident.
You hit the orc warrior.
The orc warrior is lightly wounded.
The orc warrior barely misses you.
You hit the orc warrior but do no damage.
The orc warrior is lightly wounded.
The orc warrior closely misses you.
The orc warrior hits you with a +0 trident!
* * * LOW HITPOINT WARNING * * *
You closely miss the orc warrior.
The orc warrior is lightly wounded.
The orc warrior hits you with a +0 trident.
* * * LOW HITPOINT WARNING * * *
You barely miss the orc warrior.
The orc warrior is lightly wounded.
The orc warrior hits you with a +0 trident!
You die...

#..####o#######
#........Z....
#..o# .... ##.##
#..###.#
#.#######......#
##........).#
#{####.###..#
##o# #.# #..#
#@## #.###).# #
### #.#....# ##
#......# ##.
###....## #..
##.....##...
#.......+...
##.....##...
##...####..
##.## ##.


You could see an orc warrior.

Vanquished Creatures
  2 bullfrog skeletons (D:4)
  An iguana (D:5)
  An orc wizard (D:5)
  A gnoll (D:1)
  4 adders
  3 dart slugs
  6 orcs
  7 bats
  8 endoplasms
  3 giant cockroaches
  4 goblins
  9 hobgoblins
  2 jackals (D:1)
  3 quokkas
  4 ball pythons
  3 frilled lizards
  9 kobolds
  4 rats
74 creatures vanquished.

Notes
Turn   | Place    | Note
-------+----------+-------------------------------------------
     0 | Abyss:1  | Hector the Formicid Abyssal Knight began the quest for the
                  | Orb.
     0 | Abyss:1  | Reached XP level 1. HP: 18/18 MP: 2/2
     0 | Abyss:1  | Found a corrupted altar of Lugonu.
    32 | D:1      | Escaped the Abyss
   223 | D:1      | Reached XP level 2. HP: 24/24 MP: 3/3
   350 | D:1      | Reached skill level 3 in Axes
   486 | D:1      | Reached XP level 3. HP: 29/29 MP: 4/4
  1029 | D:1      | Reached ** piety under Lugonu
  1164 | D:2      | Reached XP level 4. HP: 13/35 MP: 5/5
  1310 | D:2      | Reached skill level 4 in Axes
  1365 | D:2      | Found a faded altar of an unknown god.
  2380 | D:3      | Reached XP level 5. HP: 38/41 MP: 6/6
  2491 | D:3      | Reached *** piety under Lugonu
  2850 | D:4      | Noticed an ogre
  3009 | D:4      | Reached skill level 5 in Axes
  3292 | D:4      | Reached XP level 6. HP: 43/47 MP: 8/8
  3318 | D:5      | Entered Level 5 of the Dungeon
  3747 | D:5      | Found a staircase to the Ecumenical Temple.
  4076 | D:5      | Noticed an orc warrior
  4089 | D:5      | Mangled by an orc warrior

Illustrated notes

Levels and vault maps discovered:
D:1:      roderic_dead_forest, layout_basic
D:2:      layout_rooms, ebering_ecumenical_altar_sacrificial
D:3:      layout_basic
D:4:      layout_cave_pods, nicolae_kikubaaqudgha_miasma_corner,
          kennysheep_pointless_box, uniq_ijyb
D:5:      layout_loops_corners, chequers_temple_overflow_minitemple,
          minmay_temple_entry_offerings, guppyfry_early_orc_mine, uniq_pikel,
          uniq_blork_the_orc, uniq_eustachio

Skill      XL: |  1  2  3  4  5  6 |
---------------+-------------------+-----
Axes           | 3 4 5 |  5.4
Invocations    | 3 |  3.0
Armour         | 3 |  3.0
Fighting       | |  3.5
Dodging        | |  0.8

Action                   |  1- 3 |  4- 6 || total
-------------------------+-------+-------++-------
Melee: Hand axe          |    14 |       ||    14
       War axe           |    73 |   148 ||   221
Throw: Dart              |       |     3 ||     3
 Abil: Dig               |       |     2 ||     2
  Use: Scroll            |     1 |     6 ||     7
       Potion            |       |     3 ||     3
Armor: Leather armour    |    16 |       ||    16
       Ring mail         |    32 |    53 ||    85
Dodge: Dodged            |    65 |    71 ||   136

Table legend: (Time is in decaauts)
 A = Elapsed time spent in this place.
 B = Non-inter-level travel time spent in this place.
 C = Inter-level travel time spent in this place.
 D = Time resting spent in this place.
 E = Time spent auto-exploring this place.
 F = Levels seen in this place.
 G = Mean time per level.
                   A        B        C        D        E       F      G
               +--------+--------+--------+--------+--------+-----+--------+
         Total |   4165 |   3946 |    219 |    555 |   2455 |   6 |  694.2 |
       Dungeon |   4133 |   3914 |    219 |    555 |   2435 |   5 |  826.6 |
         Abyss |     32 |     32 |      0 |      0 |     20 |   1 |   32.0 |
               +--------+--------+--------+--------+--------+-----+--------+

Top non-repeatable levels by time:
     D:1: 1148 daAuts
     D:2: 911 daAuts
     D:3: 854 daAuts
     D:5: 620 daAuts
     D:4: 598 daAuts
 Abyss:1: 32 daAuts
